 Dungeon Crawl Stone Soup version 0.17-a0-2109-g117576f (webtiles) character file.

3476 brucemayne the Cleaver (level 9, -9/63 HPs)
             Began as a Demonspawn Berserker on Oct 19, 2015.
             Was a Priest of Trog.
             Killed from afar by a manticore (12 damage)
             ... with a volley of spikes
             ... on level 11 of the Dungeon.
             The game lasted 00:13:03 (2806 turns).

brucemayne the Cleaver (Demonspawn Berserker)       Turns: 2806, Time: 00:13:03

Health: -9/63      AC:  9    Str: 20    XL:     9   Next: 79%
Magic:  9/9        EV:  8    Int:  9    God:    Trog [***...]
Gold:   220        SH:  0    Dex: 13    Spells: 0 memorised, 8 levels left

rFire  . . .     SeeInvis +     t - +1 hand axe (freeze)
rCold  . . .     Clarity  .     C - +1 chain mail
rNeg   . . .     SustAt   .     (no shield)
rPois  .         Gourm    .     (helmet unavailable)
rElec  .         Spirit   .     (no cloak)
rCorr  .         Warding  .     (no gloves)
rMut   .         Stasis   .     (no boots)
MR     ++...                    (no amulet)
Stlth  ..........               s - ring of invisibility
                                o - +1 ring of slaying

@: lethally poisoned (-9 -> -10), manticore barbs, regenerating, very resistant
to hostile enchantments, extremely unstealthy
A: antennae 3, claws 1, talons 1, demonic guardian 1, rot immunity
a: Berserk, Trog's Hand, Burn Spellbooks, Renounce Religion, Evoke Invisibility


You were on level 11 of the Dungeon.
You worshipped Trog.
Trog was most pleased with you.
You were not hungry.

You visited 2 branches of the dungeon, and saw 12 of its levels.

You collected 220 gold pieces.

Inventory:

Hand Weapons
 a - a +0 hand axe
 l - a +1 morningstar of venom
 t - a +1 hand axe of freezing (weapon)
 E - a +2 morningstar of holy wrath
Missiles
 G - 5 poisoned needles
Armour
 b - a +0 animal skin
 g - a +0 scale mail
 C - a +1 chain mail (worn)
 D - a +0 ring mail
Jewellery
 o - a +1 ring of slaying (left claw)
 s - a ring of invisibility (right claw)
Scrolls
 e - a scroll of remove curse
 j - a scroll of immolation
 m - a scroll of enchant armour
 A - a scroll of blinking
Potions
 f - a potion of might
 h - a potion of lignification
 q - a potion of agility {unknown}
 r - a potion of poison
Books
 u - a book of Fire

   Spells                             Type                      Level
   a - Ignite Poison                  Fire/Transmutation/Poison    3
   b - Fireball                       Conjuration/Fire             5
   c - Bolt of Fire                   Conjuration/Fire             6
   d - Delayed Fireball               Conjuration/Fire             7
   e - Ring of Flames                 Charms/Fire                  7
   Trog disapproves of the use of such an item.
 y - a book of Party Tricks

   Spells                             Type                      Level
   a - Summon Butterflies             Summoning                    1
   b - Apportation                    Translocation                1
   c - Tukima's Dance                 Hexes                        3
   d - Alistair's Intoxication        Transmutation/Poison         4
   e - Invisibility                   Hexes                        6
   Trog disapproves of the use of such an item.
 H - a book of Dreams

   Spells                             Type                      Level
   a - Ensorcelled Hibernation        Hexes/Ice                    2
   b - Phase Shift                    Translocation                5
   c - Shadow Creatures               Summoning                    5
   d - Silence                        Hexes/Air                    5
   e - Darkness                       Hexes                        6
   f - Mass Confusion                 Hexes                        6
   Trog disapproves of the use of such an item.
Miscellaneous
 i - a lamp of fire
Comestibles
 c - 7 bread rations
 d - 14 royal jellies
 x - 4 beef jerkies
 z - a meat ration


   Skills:
 - Level 3.0 Fighting
 + Level 12.7 Axes
 - Level 1.7 Armour
 - Level 1.7 Dodging


You had 8 spell levels left.
You didn't know any spells.

Dungeon Overview and Level Annotations

Branches:
Dungeon (11/15)            Temple (1/1) D:7
   Lair: D:8-11         Orc: D:9-12

Altars:
Ashenzari
Cheibriados
Dithmenos
Elyvilon
Gozag
Makhleb
Okawaru
Qazlal
Yredelemnul
Zin
The Shining One

Shops:
D:4 %   D:11 *


Innate Abilities, Weirdness & Mutations

You have a pair of large antennae on your head (SInv).
You have sharp fingernails.
You have sharp toenails.
A weak demonic guardian rushes to your aid.
You are immune to rotting.


Message History

Drink which item? (? for menu, Esc to quit)
Okay, then.
You swap places.
Your ufetubus barely misses the manticore. x2
The manticore bites your ufetubus!
Your ufetubus dies!
The manticore flicks its tail.
The volley of spikes hits you!
The barbed spikes become lodged in your body.
* * * LOW HITPOINT WARNING * * *
Drink which item? (? for menu, Esc to quit)
It was a potion of poison.
That liquid tasted very nasty...
You are poisoned.
You feel sick.
Drink which item? (? for menu, Esc to quit)
It was a potion of cancellation.
You feel magically purged.
You feel sick.
The manticore flicks its tail.
The volley of spikes hits you!
The barbed spikes become lodged in your body.
You die...

#... .....
#........#
#..##.... #.......
#.....# ## #.....+
.. #.)...# ..
#..H9.# .. #@###.#
.. #.# #9# .. #.#
#.+.%..... .. #.#
#.#....... .. #.#
#.#....9.. ..
#.###.#....... ..
#.....#....... ..
#.....#....# ..
#...).#....#######


You could see a manticore and a gargoyle.

Vanquished Creatures
  A centaur warrior (D:10)
  A queen bee (D:10)
  A troll (D:9)
  A deep elf mage (D:11)
  A hippogriff (D:7)
  An orc warrior (D:8)
  A black bear (D:7)
  2 ogres
  A water moccasin (D:9)
  3 giant frogs
  17 killer bees (D:10)
  2 hounds
  2 orc priests (D:8)
  3 jellies
  A giant frog skeleton (D:7)
  A giant frog zombie (D:10)
  An iguana (D:11)
  4 worker ants
  A hound zombie (D:10)
  3 adders
  2 shadow imps
  2 worms (D:2)
  4 giant geckos
  10 orcs
  5 bats
  6 giant cockroaches
  6 hobgoblins
  5 kobolds
  2 quokkas
  A giant gecko skeleton (D:4)
  3 giant newts
  A goblin (D:3)
  7 rats
102 creatures vanquished.

Vanquished Creatures (collateral kills)
  A soldier ant (D:11)
  7 killer bees (D:10)
  A bat (D:11)
  A rat (D:11)
10 creatures vanquished.

Grand Total: 112 creatures vanquished

Notes
Turn   | Place    | Note
--------------------------------------------------------------
     0 | D:1      | brucemayne the Demonspawn Berserker began the quest for the Orb.
     0 | D:1      | Reached XP level 1. HP: 18/18 MP: 1/1
    78 | D:1      | Gained mutation: You have a pair of small antennae on your head. [demonic ancestry]
    78 | D:1      | Reached XP level 2. HP: 20/24 MP: 2/2
   171 | D:1      | You fall through a shaft!
   291 | D:2      | Reached ** piety under Trog
   291 | D:2      | Gained mutation: You have sharp fingernails. [demonic ancestry]
   291 | D:2      | Reached XP level 3. HP: 27/29 MP: 3/3
   339 | D:2      | Found a glowing silver altar of Zin.
   341 | D:2      | Found a glowing golden altar of the Shining One.
   489 | D:3      | Reached skill level 4 in Axes
   519 | D:4      | Gained mutation: You have sharp toenails. [demonic ancestry]
   519 | D:4      | Reached XP level 4. HP: 35/35 MP: 4/4
   616 | D:4      | Found Wironu's Food Boutique.
   665 | D:5      | Entered Level 5 of the Dungeon
   717 | D:5      | Reached skill level 5 in Axes
   797 | D:5      | Gained mutation: A weak demonic guardian rushes to your aid. [demonic ancestry]
   797 | D:5      | Reached XP level 5. HP: 19/41 MP: 5/5
   928 | D:7      | Noticed a black bear
   935 | D:7      | Killed a black bear
   935 | D:7      | Reached skill level 6 in Axes
  1065 | D:7      | Gained mutation: You have a pair of antennae on your head. [demonic ancestry]
  1065 | D:7      | Reached XP level 6. HP: 37/47 MP: 6/6
  1110 | D:7      | Found a shadowy altar of Dithmenos.
  1133 | D:7      | Found a staircase to the Ecumenical Temple.
  1142 | Temple   | Entered the Ecumenical Temple
  1150 | D:7      | Noticed a hippogriff
  1159 | D:7      | Killed a hippogriff
  1159 | D:7      | Reached skill level 7 in Axes
  1204 | D:7      | Noticed an ogre
  1209 | D:7      | Killed an ogre
  1209 | D:7      | Gained mutation: You are immune to rotting. [demonic ancestry]
  1209 | D:7      | Reached XP level 7. HP: 52/52 MP: 7/7
  1482 | D:8      | Reached skill level 8 in Axes
  1706 | D:9      | Reached *** piety under Trog
  1765 | D:9      | Gained mutation: You have a pair of large antennae on your head (SInv). [demonic ancestry]
  1765 | D:9      | Reached XP level 8. HP: 58/58 MP: 8/8
  1835 | D:9      | Noticed a troll
  1842 | D:9      | Killed a troll
  1842 | D:9      | Reached skill level 9 in Axes
  1972 | D:10     | Entered Level 10 of the Dungeon
  2025 | D:10     | Noticed a centaur warrior
  2036 | D:10     | Killed a centaur warrior
  2036 | D:10     | Reached skill level 10 in Axes
  2096 | D:10     | Noticed an unseen horror
  2096 | D:10     | Noticed a slime creature
  2096 | D:10     | Noticed a slime creature
  2096 | D:10     | Noticed a slime creature
  2132 | D:11     | Reached skill level 11 in Axes
  2132 | D:11     | Reached XP level 9. HP: 63/63 MP: 9/9
  2443 | D:10     | Reached skill level 12 in Axes
  2511 | D:10     | Noticed a queen bee
  2593 | D:10     | Killed a queen bee
  2739 | D:11     | Found Zoecsiah's Demolitions Depot.
  2782 | D:11     | Noticed a gargoyle
  2782 | D:11     | Noticed a manticore
  2804 | D:11     | HP: 3/63 [manticore/volley of spikes (16)]
  2806 | D:11     | Killed from afar by a manticore

Vault maps used:
D:1:      onia_arrival_mini_spirals
D:2:      nicolae_overflow_hidden_temple, first_bread
D:3:      ecumenical_altar_1
D:4:      serial_shops, nicolae_shop_trees, kennysheep_generic_room_12
D:5:      grunt_temple_overflow_magic_moments, nemelex_xobeh_ov_fountains_minmay
D:6:      hangedman_ru_absence, minmay_ruffians
D:7:      kennysheep_mini_moat, minmay_temple_entry_junction, grunt_ogre_cave
D:8:      fedhas_altar_decomposition, lemuel_flame_loot_1
D:10:     david_orc_4, minmay_dual_archer_statues
D:11:     grunt_lair_entry_elf_guard_hut, enter_trove_5, serial_shops,
          shop_fountains, nicolae_blasting_shop
Temple:   temple_eino_lava_8

Action                   |  1- 3 |  4- 6 |  7- 9 || total
-------------------------+-------+-------+-------++-------
Melee: Hand axe          |    94 |   127 |   220 ||   441
Invok: Berserk           |     3 |     6 |     9 ||    18
       Trog's Hand       |       |     1 |    10 ||    11
  Use: Scroll            |       |     1 |    12 ||    13
       Potion            |       |       |     6 ||     6
  Eat: Chunk             |     1 |     9 |     9 ||    19
       Pizza             |       |       |     1 ||     1
       Beef jerky        |       |       |     2 ||     2
       Bread ration      |       |       |     1 ||     1
